AoeStats
← NomadQuant

Arena

509372708Analyzed
1v1 RM · 4d ago on Sep 26, 2026· 38m 30s· 2 players
Game mode
Random Map
Map size
Tiny (2 player)
Population
200
Speed
Normal
Resources
Standard
Victory
Conquest
Starting age
Dark Age
Ending age
Imperial Age
RankedLock teamsTeams togetherTeam positionsShared explorationLock speedFull tech treeHidden civsTurbo modeCheats
Victory
Defeat
🇩🇪 Ethiopians · Germany
890
+17
🇹🇷 Japanese · Türkiye
909
-17
Ichhassdelucco
3:15 Loom
11:22 Feudal Age
11:52 Double-Bit Axe
16:46 Castle Age
16:53 Fletching
17:40 Crossbowman
19:32 Bow Saw
19:48 Bodkin Arrow
21:12 Horse Collar
22:32 Town Watch
25:59 Thumb Ring
30:48 Imperial Age
29:40 Wheelbarrow
29:15 Padded Archer Armor
32:18 Capped Ram
32:25 Arbalester
33:49 Ballistics
34:30 Chemistry
34:06 Conscription
37:37 Bracer
37:26 Elite Shotel Warrior
39:07 Torsion Engines
NomadQuant
1:08 Loom
10:21 Feudal Age
11:37 Wheelbarrow
10:50 Double-Bit Axe
11:08 Horse Collar
14:59 Man-at-Arms
19:48 Castle Age
18:21 Forging
18:12 Padded Archer Armor
18:31 Gold Mining
18:34 Stone Mining
19:48 Fletching
19:59 Scale Mail Armor
20:49 Gambesons
21:55 Heavy Plow
22:25 Scale Barding Armor
25:14 Chain Mail Armor
25:35 Iron Casting
25:48 Town Watch
27:36 Bow Saw
32:22 Bodkin Arrow
35:29 Imperial Age
33:19 Hand Cart
33:19 Town Patrol
34:23 Gold Shaft Mining
36:58 Elite Skirmisher
39:03 Conscription
Connection lost

Rejoining the realm…

Still unreachable

The connection could not be restored.

Session expired

The server has moved on; the page needs a fresh start.